Map: Dusk Towers

Players

Miszu

  • Race: Terran Terran
  • League: Master

Gannicus - Winner!

  • Race: Terran Terran
  • League: Master

VOD

Have the link to the VOD?

Description

Time

  • Played on: July 4, 2016, 5:52 p.m.
  • Length: 5:42
Show
View Real Time Build Order
Export as new Build Order

Miszu Terran 

Build Orders:  

Get SALT Encoding   

  12  0:00  SCV  
  13  0:13  SCV  
  14  0:18  Supply Depot  
  14  0:25  SCV  
  15  0:39  SCV  
  15  0:41  Barracks  
  16  0:44  Refinery  
  16  0:52  SCV  
  17  1:00  Barracks  
  17  1:04  SCV  
  18  1:16  SCV  
  19  1:28  Orbital Command  
  19  1:29  Reaper  
  19  1:31  Supply Depot  
  20  1:48  Reaper  
  20  1:53  SCV  
  22  2:05  Reaper  
  23  2:10  SCV  
  23  2:12  Command Center  
  24  2:15  Refinery  
  24  2:22  SCV  
  25  2:23  Reaper  
  26  2:34  SCV  
  27  2:41  Reaper  
  28  2:46  SCV  
  28  2:50  Supply Depot  
  29  2:59  SCV  
  29  3:02  Barracks  
  30  3:10  Barracks Tech Lab  
  30  3:11  SCV  
  31  3:22  Factory  
  31  3:23  SCV  
  31  3:24  Barracks Reactor  
  31  3:25  Orbital Command  
  32  3:28  Marine  
  33  3:35  SCV  
  33  3:48  Marine  
  33  3:51  Marine  
  33  3:53  SCV  
  33  3:54  SCV  
  36  3:59  Marine  
  36  4:00  Marine  
  38  4:05  SCV  
  38  4:06  Marine, SCV  
  38  4:09  Starport, Marine, Factory Reactor  
  40  4:17  Marine, SCV  
  40  4:18  Marine, SCV  
  40  4:22  Refinery  
  40  4:23  Engineering Bay  
  44  4:25  Supply Depot  
  44  4:26  Marine  
  44  4:27  Marine  
  44  4:30  SCV x2  
  48  4:35  Marine  
  48  4:37  Marine  
  50  4:42  SCV x2  
  50  4:44  Marine  
  52  4:51  Supply Depot  
  52  4:54  SCV x2, Factory Tech Lab  
  52  4:57  Medivac  
  52  4:58  Medivac  
  58  5:01  Marine  
  58  5:02  Marine x3  
  62  5:08  Supply Depot  
  62  5:12  SCV x2  
  64  5:19  Marine  
  64  5:20  Marine x2  
  68  5:29  Supply Depot  
  68  5:30  Supply Depot, SCV  
Show
View Real Time Build Order
Export as new Build Order

Gannicus Terran - Winner!

Build Orders:  

Get SALT Encoding   

  12  0:00  SCV  
  13  0:12  SCV  
  14  0:17  Supply Depot  
  14  0:25  SCV  
  15  0:39  SCV  
  15  0:40  Barracks  
  16  0:43  Refinery  
  16  0:51  SCV  
  17  1:03  SCV  
  18  1:15  SCV  
  19  1:28  Barracks Reactor, Orbital Command  
  19  1:43  Command Center  
  19  1:53  Supply Depot  
  19  1:57  SCV  
  20  2:04  Marine x2  
  21  2:10  SCV  
  21  2:15  Factory  
  22  2:22  Marine x2  
  24  2:28  SCV  
  24  2:29  Refinery  
  25  2:39  Marine  
  25  2:40  Marine, SCV  
  28  2:52  SCV  
  28  2:58  Orbital Command  
  29  3:01  Starport, Factory Tech Lab  
  29  3:06  Marine x2  
  29  3:08  SCV  
  32  3:20  SCV  
  32  3:21  Siege Tank  
  32  3:23  SCV  
  37  3:29  Marine x2  
  37  3:32  SCV  
  40  3:34  Supply Depot  
  40  3:36  SCV  
  39  3:49  Medivac  
  39  3:50  Marine x2  
  39  3:54  SCV x2  
  39  3:55  Barracks  
  45  4:07  SCV  
  45  4:09  Siege Tank  
  49  4:11  Marine x2  
  49  4:14  SCV  
  51  4:19  Viking  
  53  4:29  Engineering Bay  
  53  4:30  SCV  
  54  4:31  Supply Depot  
  54  4:46  Barracks Tech Lab  
  54  4:49  Supply Depot  
  54  4:52  Marine x2  
  54  4:53  Viking, SCV x2  
  60  5:00  Refinery  
  60  5:03  Refinery  
  60  5:05  SCV x2  
  62  5:10  Marine x3  
  68  5:17  SCV  
Tags
 
Add a new tag
Caveats
  • Supply blocks, unpowered buildings, or Contaminate may cause inaccurate times.
  • Supply counts are checked every 10 seconds.